AoeStats
← 6X_Kanna_X6

MegaRandom

510201653Analyzed
4v4 RM · 3d ago on Sep 29, 2026· 52m 11s· 8 players
Game mode
Random Map
Map size
Large (8 player)
Population
200
Speed
Normal
Resources
Standard
Victory
Conquest
Starting age
Dark Age
Ending age
Imperial Age
RankedLock teamsTeams togetherTeam positionsShared explorationLock speedFull tech treeHidden civsTurbo modeCheats
Victory
Defeat
🇵🇪 Lithuanians · Peru
787
+10
🇧🇷 Byzantines · Brazil
748
+11
🇨🇱 Mongols · Chile
643
+16
🇺🇸 Khmer · United States
641
+16
🇸🇬 Huns · Singapore
795
-19
🇨🇳 Goths · China
644
-13
🇫🇷 Mongols · France
581
-11
🇪🇸 Chinese · Spain
555
-10
RONALDEX !!
7:48 Loom
15:12 Feudal Age
16:05 Double-Bit Axe
22:12 Horse Collar
25:37 Castle Age
26:18 Scale Barding Armor
28:01 Heavy Plow
28:57 Bow Saw
29:41 Husbandry
37:32 Imperial Age
35:43 Wheelbarrow
36:07 Gold Mining
36:07 Stone Mining
38:47 Cavalier
41:21 Chain Barding Armor
42:26 Paladin
Capitão Davy Jones
6:57 Loom
16:11 Feudal Age
17:21 Double-Bit Axe
17:29 Horse Collar
18:59 Gold Mining
21:59 Stone Mining
22:34 Fletching
26:26 Castle Age
29:36 Gold Shaft Mining
29:18 Bow Saw
29:00 Crossbowman
32:54 Wheelbarrow
33:07 Husbandry
33:48 Caravan
34:32 Forging
35:51 Iron Casting
37:41 Greek Fire
40:36 Imperial Age
38:16 Heavy Plow
41:01 Scale Barding Armor
40:26 Light Cavalry
43:06 Hand Cart
44:36 Conscription
44:47 Chain Barding Armor
46:09 Two-Man Saw
45:46 Crop Rotation
47:01 Logistica
48:31 Stone Shaft Mining
51:25 Spies/Treason
6X_Kanna_X6
3:49 Loom
14:52 Feudal Age
19:49 Horse Collar
20:05 Double-Bit Axe
24:10 Wheelbarrow
25:07 Gold Mining
25:08 Stone Mining
30:23 Castle Age
29:45 Bloodlines
29:57 Scale Mail Armor
30:02 Scale Barding Armor
30:08 Forging
29:58 Arson
30:39 Town Watch
31:22 Hand Cart
32:38 Town Patrol
32:57 Chain Mail Armor
33:02 Chain Barding Armor
35:12 Caravan
35:46 Coinage
35:24 Squires
35:03 Light Cavalry
36:44 Pikeman
40:15 Bow Saw
41:23 Husbandry
48:10 Chain Barding Armor
48:26 Iron Casting
z.chart12
6:57 Loom
12:10 Feudal Age
15:39 Double-Bit Axe
15:53 Gold Mining
16:02 Stone Mining
21:10 Castle Age
22:52 Bow Saw
24:07 Caravan
33:17 Imperial Age
31:37 Wheelbarrow
32:53 Horse Collar
33:28 Forging
33:18 Scale Mail Armor
33:24 Scale Barding Armor
33:10 Fletching
33:20 Padded Archer Armor
34:50 Hand Cart
34:58 Heavy Scorpion
36:39 Heavy Plow
39:44 Iron Casting
39:24 Chain Mail Armor
39:29 Chain Barding Armor
39:05 Bodkin Arrow
39:26 Leather Archer Armor
39:34 Siege Engineers
40:18 Ballistics
40:59 Husbandry
41:09 Bloodlines
41:40 Elite Battle Elephant
43:46 Blast Furnace
43:22 Plate Barding Armor
43:16 Bracer
43:53 Plate Barding Armor
42:42 Pikeman
43:10 Arson
44:48 Halberdier
TireurFou
jbeacen2
15:57 Feudal Age
17:46 Feudal Age
18:43 Double-Bit Axe
18:44 Horse Collar
22:19 Padded Archer Armor
22:10 Fletching
27:51 Castle Age
26:17 Gold Mining
29:43 Bow Saw
29:38 Heavy Plow
30:45 Thumb Ring
31:24 Ballistics
33:55 Leather Archer Armor
33:36 Bodkin Arrow
40:13 Wheelbarrow
47:17 Imperial Age
47:33 Imperial Age
Soldaris
5:14 Loom
13:28 Feudal Age
WINGER
5:04 Loom
13:47 Feudal Age
19:29 Castle Age
18:20 Double-Bit Axe
18:28 Horse Collar
18:54 Gold Mining
20:47 Heavy Plow
21:00 Bow Saw
32:54 Wheelbarrow
36:10 Imperial Age
34:03 Hand Cart
33:38 Treadmill Crane
34:10 Masonry
34:11 Caravan
36:50 Forging
36:40 Scale Mail Armor
38:01 Two-Man Saw
37:34 Crop Rotation
38:00 Conscription
38:35 Iron Casting
38:24 Squires
38:42 Guilds
38:48 Guilds
38:06 Pikeman
39:03 Chain Mail Armor
39:04 Husbandry
38:24 Light Cavalry
39:07 Halberdier
40:38 Perfusion
40:53 Bloodlines
40:21 Hussar
41:08 Scale Barding Armor
43:10 Blast Furnace
42:31 Chain Barding Armor
42:03 Fletching
42:13 Padded Archer Armor
42:28 Elite Skirmisher
45:18 Bodkin Arrow
46:49 Chemistry
46:10 Ballistics
46:20 Architecture
Connection lost

Rejoining the realm…

Still unreachable

The connection could not be restored.

Session expired

The server has moved on; the page needs a fresh start.